[ AOE2 MATCH · #487719856 ]
UnrankedPoles vs Incas
Player's team · WIN
Rival team · LOSS
[ REPLAY ANALYSIS · EXTRACTED FROM THE RECORDED GAME ]
Feudal
—
Castle
—
Imperial
—
| APM avg | 98.1 |
| APM peak | 102 |
| eAPM avg | 25.9 |
| Villagers / military | 15 / 0 |
Focus
⚔️ 34.3% · 🌾 65.7%
Feudal
—
Castle
—
Imperial
—
| APM avg | 36.4 |
| APM peak | 81 |
| eAPM avg | 12.9 |
| Villagers / military | 6 / 0 |
Focus
⚔️ 57.1% · 🌾 42.9%
Match map
Initial resources + every placement click. Lines = walls · curves = elevation contours. ◆ gold · ⬟ stone · ● berries · ✦ relic · ◌ wall gap
Your base
TAG_Sitaux's base
Smoothed initial terrain · ◌ = detected wall gap · hover for details
Inputs per minute
— HeartBreaker - - TAG_Sitaux
Build order — HeartBreaker
12 actions detected in the replay
| 0:00 | Queue | Villager (Male) ×4 |
| 0:01 | Queue | Villager (Male) ×4 |
| 0:02 | Build | House |
| 0:02 | Build | House |
| 1:26 | Queue | Villager (Male) |
| 1:27 | Queue | Villager (Male) |
| 1:50 | Build | Lumber Camp |
| 1:50 | Queue | Villager (Male) |
| 1:50 | Queue | Villager (Male) |
| 2:20 | Queue | Villager (Male) |
| 2:20 | Queue | Villager (Male) |
| 2:49 | Queue | Villager (Male) |
Build order — TAG_Sitaux
7 actions detected in the replay
| 0:01 | Queue | Villager (Male) |
| 0:01 | Queue | Villager (Male) |
| 0:01 | Build | House |
| 0:07 | Queue | Villager (Male) |
| 0:08 | Queue | Villager (Male) |
| 0:08 | Queue | Villager (Male) |
| 1:11 | Queue | Villager (Male) |
Match timeline
| 2:56 | TAG_Sitaux · resign |
[ AI ANALYSIS · 1 CREDIT ]
What really happened in this match?
Wolo.gg analyzes every decision: build order, eco, micro, common mistakes by bracket. Personalized analysis on WhatsApp or Discord in 30 seconds.
Civ guide
Poles
Perfil
Jugador #20855846